Map: NeoHumanity LE

Players

Maldryl - Winner!

  • Race: Zerg Zerg
  • League: Diamond
  • Spawn Location: 11:00

achillies

  • Race: Protoss Protoss
  • League: Master
  • Spawn Location: 5:00

VOD

Have the link to the VOD?

Description

Time

  • Played on: May 12, 2023, 2:42 p.m.
  • Length: 4:41
Show
View Real Time Build Order
Export as new Build Order

Maldryl Zerg - Winner!

Build Orders: Pool First 

Get SALT Encoding   

  12  0:00  Drone  
  13  0:13  Overlord  
  13  0:17  Drone  
  14  0:31  Drone x2  
  14  0:34  Extractor, Drone  
  16  0:48  Drone  
  17  0:52  Spawning Pool  
  16  1:15  Hatchery  
  16  1:18  Drone  
  16  1:22  Drone  
  17  1:39  Zergling x2  
  18  1:40  Queen  
  20  1:47  Drone  
  20  1:48  Extractor, Drone  
  21  2:01  Overlord  
  21  2:09  Roach Warren  
  20  2:21  Metabolic Boost  
  20  2:26  Drone  
  20  2:27  Zergling x4  
  23  2:38  Queen  
  25  3:05  Roach x4  
  32  3:25  Ravager x2  
  34  3:27  Overlord  
  34  3:33  Overlord  
  34  3:37  Ravager  
  35  3:44  Ravager  
  35  3:48  Overlord  
  36  3:55  Zergling x8  
  40  4:04  Zergling x6  
  43  4:19  Zergling x8  
Show
View Real Time Build Order
Export as new Build Order

achillies Protoss 

Build Orders: 1 Gate Expand 

Get SALT Encoding   

  12  0:00  Probe  
  13  0:12  Probe  
  14  0:17  Pylon  
  14  0:24  Probe  
  15  0:38  Gateway  
  15  0:41  Probe (Chrono Boost)  
  17  0:51  Probe (Chrono Boost), Assimilator  
  17  0:56  Probe (Chrono Boost)  
  17  1:03  Pylon  
  18  1:07  Probe  
  19  1:19  Probe  
  20  1:27  Cybernetics Core  
  20  1:37  Nexus  
  20  1:46  Pylon  
  20  1:47  Probe  
  21  1:52  Assimilator  
  21  2:02  Adept (Chrono Boost)  
  23  2:13  Probe  
  23  2:15  Warp Gate  
  23  2:22  Adept (Chrono Boost)  
  23  2:26  Probe  
  26  2:38  Probe  
  26  2:41  Gateway  
  27  2:50  Probe  
  30  2:52  Probe  
  30  2:53  Stalker  
  30  2:55  Twilight Council  
  31  3:05  Probe (Chrono Boost)  
  31  3:11  Probe (Chrono Boost)  
  31  3:16  Probe (Chrono Boost)  
  31  3:18  Probe (Chrono Boost)  
  33  3:30  Robotics Facility  
  33  3:42  Gateway  
  33  3:43  Gateway  
  33  3:48  Gateway  
  33  3:50  Gateway  
  35  4:00  Pylon  
  33  4:03  Adept x2  
  35  4:23  Adept  
  35  4:24  Adept  
Tags
 
Add a new tag
Caveats
  • Supply blocks, unpowered buildings, or Contaminate may cause inaccurate times.
  • Supply counts are checked every 10 seconds.